 Dungeon Crawl Stone Soup version 0.29.1-2-gbd0b4ee654 (webtiles) character file.

Game seed: 15378953619447178125

254 GorkyZ the Trooper (level 5, -3/42 HPs)
             Began as a Demonspawn Fighter on Nov 19, 2022.
             Slain by a gnoll
             ... wielding a +0 spear
              (5 damage)
             ... on level 4 of the Dungeon.
             The game lasted 00:05:40 (2801 turns).

GorkyZ the Trooper (Demonspawn Fighter)             Turns: 2801, Time: 00:05:40

Health: -3/42      AC: 14    Str: 18    XL:     5   Next: 91%
Magic:  5/5        EV:  9    Int:  9    God:
Gold:   193        SH:  9    Dex: 13    Spells: 4/4 levels left

rFire   . . .      SeeInvis .   a - +0 flail
rCold   . . .      Faith    .   c - +0 buckler
rNeg    . . .      Spirit   .   b - +0 scale mail
rPois   .          Reflect  .   (no helmet)
rElec   .          Harm     .   (no cloak)
rCorr   .          Rampage  .   n - +0 pair of gloves
Will    .....                   (no boots)
Stlth   ..........              (no amulet)
HPRegen 0.14/turn               (no ring)
MPRegen 0.09/turn               (no ring)

@: no status effects
A: thin metallic scales 1, icemail 1, condensation shield
a: no special abilities


You were on level 4 of the Dungeon.
You visited 1 branch of the dungeon, and saw 4 of its levels.

You collected 193 gold pieces.

Inventory:

Hand Weapons
 a - a +0 flail (weapon)
Missiles
 e - 3 poisoned darts (quivered)
 q - 10 boomerangs
Armour
 b - a +0 scale mail (worn)
 c - a +0 buckler (worn)
 n - a +0 pair of gloves (worn)
Jewellery
 p - a ring of poison resistance
 t - an amulet of faith
 u - an amulet of regeneration
Scrolls
 g - a scroll of torment
 m - a scroll of immolation
 o - a scroll of amnesia
 s - 2 scrolls of magic mapping
 w - a scroll of fog {unknown}
Potions
 d - a potion of might
 f - a potion of haste {unknown}
 h - a potion of heal wounds
 i - 2 potions of resistance
 j - a potion of magic {unknown}
 k - a potion of mutation {unknown}
 l - 4 potions of curing {unknown}
 r - a potion of berserk rage {unknown}
 v - a potion of degeneration {unknown}


   Skills:
 + Level 4.0 Fighting
 + Level 3.0 Maces & Flails
 + Level 1.5 Throwing
 + Level 3.7 Armour
 + Level 3.6 Shields


You had 4 spell levels left.
You didn't know any spells.
Your spell library contained the following spells:

 Spells                   Type           Power      Damage    Failure   Level
 Shock                    Conj/Air       0%         1d3       86%         1
 Summon Small Mammal      Summ           0%         N/A       86%         1
 Call Canine Familiar     Summ           0%         N/A       99%         3
 Summon Guardian Golem    Hex/Summ       0%         N/A       99%         3
 Swiftness                Air            0%         N/A       99%         3
 Airstrike                Air            0%         2d(0-16)  100%        4


Dungeon Overview and Level Annotations

Branches:
Dungeon (4/15)
 Temple: D:4-7

Altars:
Sif Muna


Innate Abilities, Weirdness & Mutations

You are partially covered in thin metallic scales. (AC +2)
A meltable icy envelope protects you from harm. (AC +4)
A meltable shield of frost defends you. (SH +4)


Message History

* * * LOW HITPOINT WARNING * * *
You hit the ice beast but do no damage.
The ice beast is lightly wounded.
The gnoll hits you but does no damage.
The ice beast hits you but does no damage.
The ice beast barely misses you. The gnoll hits you but does no damage.
You sock the ice beast!
The ice beast is heavily wounded.
You block the gnoll's attack.
The ice beast hits you but does no damage.
You hit the ice beast.
The ice beast is heavily wounded.
The gnoll hits you but does no damage. The ice beast barely misses you.
You thump the ice beast!
The ice beast is almost dead.
You block the ice beast's attack. The gnoll hits you but does no damage.
The ice beast barely misses you. The gnoll hits you but does no damage.
You hit the ice beast but do no damage.
The ice beast is severely wounded.
The gnoll hits you but does no damage.
The ice beast hits you but does no damage.
You closely miss the ice beast.
The ice beast is severely wounded.
You block the gnoll's attack. You block the ice beast's attack.
You closely miss the ice beast.
The ice beast is severely wounded.
The gnoll hits you but does no damage. The ice beast hits you.
* * * LOW HITPOINT WARNING * * *
The ice beast freezes you!
* * * LOW HITPOINT WARNING * * *
You barely miss the ice beast.
The ice beast is severely wounded.
The gnoll closely misses you.
The ice beast hits you but does no damage.
The gnoll closely misses you. The ice beast barely misses you.
You closely miss the ice beast.
The ice beast is severely wounded.
The ice beast hits you but does no damage.
The gnoll hits you from afar with a +0 spear.
You die...

..#. #. # ... .. ..
# ... #. #.#.##....
. ###...#..#. .#
....#..... ...
........# ...#
#..###@# .....
#....#Y#......
####..#.ggS......
.................
###.......#.....
...##.......#......
.......<...........
.............#.####
.............#.#


You could see an ice beast, 2 gnolls and an adder.

Vanquished Creatures
  Sigmund (D:3)
  2 gnolls (D:4)
  A worm (D:2)
  3 dart slugs
  4 ball pythons
  7 endoplasms
  4 giant cockroaches
  11 goblins
  5 hobgoblins
  12 jackals
  4 kobolds
  3 quokkas
  4 bats
  A frilled lizard (D:1)
  5 rats
67 creatures vanquished.

Notes
Turn   | Place    | Note
-------+----------+-------------------------------------------
     0 | D:1      | GorkyZ the Demonspawn Fighter began the quest for the Orb.
     0 | D:1      | Reached XP level 1. HP: 18/18 MP: 1/1
   136 | D:1      | Gained mutation: A meltable shield of frost defends you.
                  | (SH +4) [demonic ancestry]
   136 | D:1      | Reached XP level 2. HP: 24/24 MP: 2/2
   364 | D:1      | Found a faded altar of an unknown god.
   493 | D:1      | Gained mutation: A meltable icy envelope protects you from
                  | harm. (AC +4) [demonic ancestry]
   493 | D:1      | Reached XP level 3. HP: 29/29 MP: 3/3
  1545 | D:2      | Reached XP level 4. HP: 35/35 MP: 4/4
  1731 | D:3      | Noticed Sigmund
  1764 | D:3      | Killed Sigmund
  1765 | D:3      | Reached skill level 4 in Fighting
  1765 | D:3      | Reached skill level 1 in Throwing
  1765 | D:3      | Gained mutation: You are partially covered in thin metallic
                  | scales. (AC +2) [demonic ancestry]
  1765 | D:3      | Reached XP level 5. HP: 6/42 MP: 5/5
  2556 | D:3      | Found a shimmering blue altar of Sif Muna.
  2771 | D:4      | Noticed an ice beast
  2799 | D:4      | HP: 2/42 [ice beast (7)]
  2801 | D:4      | Slain by a gnoll

Illustrated notes

Levels and vault maps discovered:
D:1:      minmay_arrival_three_doors, layout_rooms, basic_ecumenical_altar,
          minivault_24
D:2:      layout_loops_ring
D:3:      layout_loops_ring, nicolae_sif_muna_condensation, uniq_sigmund
D:4:      layout_rooms, okawaru_gym_becter, ebering_dispersal_statue_hall,
          hangedman_decor_riveting

Skill      XL: |  1  2  3  4 |
---------------+-------------+-----
Maces & Flails | 2 3 |  3.0
Armour         | 3 |  3.7
Shields        | 3 |  3.6
Fighting       | 4 |  4.0
Throwing       | 1 |  1.5

Action                   |  1- 3 |  4- 6 || total
-------------------------+-------+-------++-------
Melee: Flail             |   136 |    75 ||   211
  Use: Scroll            |       |     6 ||     6
Armor: Scale mail        |    83 |    59 ||   142
Dodge: Dodged            |    73 |    47 ||   120
Block: Buckler           |    90 |    38 ||   128
